 Dungeon Crawl Stone Soup version 0.28.0-53-g5a82cb258f (webtiles) character file.

Game seed: 14003126494146078659

135 Destapler the Fighter (level 5, 0/54 HPs)
             Began as a Gnoll Wanderer on July 20, 2022.
             Was an Initiate of Ashenzari.
             Slain by an adder (4 damage)
             ... on level 3 of the Dungeon.
             The game lasted 00:07:56 (2744 turns).

Destapler the Fighter (Gnoll Wanderer)              Turns: 2744, Time: 00:07:56

Health: 0/54       AC:  3    Str: 10    XL:     5   Next: 18%
Magic:  7/7        EV: 11    Int: 10    God:    Ashenzari [......]
Gold:   60         SH:  0    Dex: 16    Spells: 7/7 levels left

rFire   . . .      SeeInvis .   i - +5 dagger of Star-Bound Wisdom {Melee, Self} (curse)
rCold   . . .      Faith    .   c - +0 buckler
rNeg    . . .      Spirit   .   d - +0 leather armour
rPois   .          Reflect  .   (no helmet)
rElec   .          Harm     .   (no cloak)
rCorr   .          Rampage  .   (no gloves)
Will    .....                   (no boots)
Stlth   +.........              (no amulet)
HPRegen 0.18/turn               (no ring)
MPRegen 0.10/turn               (no ring)

@: confused, lethally poisoned (0 -> -5)
A: fangs 1, strong nose, distributed training
a: Renounce Religion, Curse Item, Shatter the Chains


You were on level 3 of the Dungeon.
You worshipped Ashenzari.
Ashenzari was noncommittal.
You visited 1 branch of the dungeon, and saw 3 of its levels.

You collected 60 gold pieces.

Inventory:

Hand Weapons
 a - a +0 dagger of protection
 i - the cursed +5 dagger of Star-Bound Wisdom (weapon) {Melee, Self}
   (You took it off a goblin on level 2 of the Dungeon)

   It has a curse which improves the following skills: Melee Combat: Short
   Blades, Long Blades, Axes, Maces & Flails, Polearms, Staves and Unarmed
   Combat.
   Introspection: Fighting and Spellcasting.
Armour
 c - a +0 buckler (worn)
 d - a +0 leather armour (worn)
Jewellery
 h - a ring of fire
 l - a ring of protection from fire
Scrolls
 e - 2 scrolls of fear
 f - a scroll of fog {unknown}
 j - a scroll of blinking {unknown}
 k - a scroll of brand weapon
Potions
 b - 2 potions of curing
 g - 2 potions of attraction {unknown}
 m - a potion of heal wounds {unknown}


   Skills:
 + Level 10.5(10.9) Fighting
 + Level 1.4(1.7) Short Blades
 + Level 1.4(1.7) Long Blades
 + Level 1.4(1.7) Axes
 + Level 1.4(1.7) Maces & Flails
 + Level 1.4(1.7) Polearms
 + Level 1.4(1.7) Staves
 + Level 1.4 Slings
 + Level 1.4 Bows
 + Level 1.4 Crossbows
 + Level 1.4 Throwing
 + Level 1.4 Armour
 + Level 1.4 Dodging
 + Level 1.4 Stealth
 + Level 2.9 Shields
 + Level 6.6(7.1) Unarmed Combat
 + Level 1.4(1.7) Spellcasting
 + Level 1.1 Conjurations
 + Level 1.1 Hexes
 + Level 1.1 Summonings
 + Level 1.1 Necromancy
 + Level 1.1 Translocations
 + Level 1.1 Transmutations
 + Level 1.1 Fire Magic
 + Level 1.1 Ice Magic
 + Level 1.1 Air Magic
 + Level 1.1 Earth Magic
 + Level 1.1 Poison Magic
 + Level 3.0 Invocations
 + Level 1.4 Evocations


You had 7 spell levels left.
You didn't know any spells.
Your spell library was empty.

Dungeon Overview and Level Annotations

Branches:
Dungeon (3/15)

Altars:
Ashenzari

Shops:
D:1 :


Innate Abilities, Weirdness & Mutations

You have very sharp teeth.
Your uncanny sense of smell can sniff out nearby items.
Your experience applies equally to all skills.


Message History

You barely miss the orc.
The orc is moderately wounded.
The orc hits you with a +0 falchion.
You hit the orc but do no damage. The orc hits you with a +0 falchion.
You hit the orc.
The orc is heavily wounded.
The orc misses you. Something hits you.
You completely miss the orc.
The orc is moderately wounded.
A rat comes into view.
The orc hits you with a +0 falchion. Something hits you.
You hit the orc. Your bite misses the orc.
The orc is almost dead.
The orc hits you with a +0 falchion.
You hear some strange, mumbled words.
You are confused.
You are too confused!
You are too confused!
You are too confused!
You bump into the rock wall.
The adder bites you. The orc hits you with a +0 falchion! Something hits you.
* * * LOW HITPOINT WARNING * * *
You completely miss something. The adder bites you.
* * * LOW HITPOINT WARNING * * *
You are poisoned.
The adder poisons you! The orc hits you with a +0 falchion.
* * * LOW HITPOINT WARNING * * *
You hear some strange, mumbled words.
A magic dart appears from out of thin air!
The magic dart hits you!
* * * LOW HITPOINT WARNING * * *
You hit the orc.
You kill the orc!
* * * LOW HITPOINT WARNING * * *
You feel sick. The adder bites you.
* * * LOW HITPOINT WARNING * * *
Something hits you.
* * * LOW HITPOINT WARNING * * *
The adder bites you.
You die...

#..# #.# #..#
#.# #..# #.#
##^# #.# #.# #.#
#.# ##?#####..##
#...@{or....
#......S#o.(....
..###...........
#..o........
............$
.##...$....... #
#...........
####........


You could see an adder, 3 orcs and a rat.

Vanquished Creatures
  Jessica (D:2)
  5 adders (D:2)
  A worm (D:2)
  A dart slug (D:1)
  2 orcs (D:3)
  5 endoplasms
  3 giant cockroaches
  8 goblins
  3 hobgoblins
  5 jackals
  A quokka (D:1)
  5 ball pythons
  5 bats
  A frilled lizard (D:1)
  4 kobolds
  7 rats
57 creatures vanquished.

Notes
Turn   | Place    | Note
-------+----------+-------------------------------------------
     0 | D:1      | Reached skill level 10 in Fighting
     0 | D:1      | Destapler the Gnoll Wanderer began the quest for the Orb.
     0 | D:1      | Destapler set off with the following items: a +0 dagger, a
                  | potion of curing, a +0 buckler, a +0 leather armour, 2
                  | scrolls of fear
     0 | D:1      | Reached XP level 1. HP: 29/29 MP: 2/2
   297 | D:1      | Reached XP level 2. HP: 35/36 MP: 3/3
   399 | D:1      | Found a faded altar of an unknown god.
   747 | D:1      | Found Zeurhot's Book Shoppe.
   808 | D:1      | Reached XP level 3. HP: 34/42 MP: 4/4
  1399 | D:1      | Prayed at the altar of an unknown god.
  1399 | D:1      | Became a worshipper of Ashenzari the Shackled
  1612 | D:2      | Noticed Jessica
  1660 | D:2      | Killed Jessica
  1661 | D:2      | Reached skill level 1 in Short Blades
  1661 | D:2      | Reached skill level 1 in Long Blades
  1661 | D:2      | Reached skill level 1 in Axes
  1661 | D:2      | Reached skill level 1 in Maces & Flails
  1661 | D:2      | Reached skill level 1 in Polearms
  1661 | D:2      | Reached skill level 1 in Staves
  1661 | D:2      | Reached skill level 1 in Slings
  1661 | D:2      | Reached skill level 1 in Bows
  1661 | D:2      | Reached skill level 1 in Crossbows
  1661 | D:2      | Reached skill level 1 in Throwing
  1661 | D:2      | Reached skill level 1 in Armour
  1661 | D:2      | Reached skill level 1 in Dodging
  1661 | D:2      | Reached skill level 1 in Stealth
  1661 | D:2      | Reached skill level 1 in Spellcasting
  1661 | D:2      | Reached skill level 1 in Evocations
  1661 | D:2      | Reached XP level 4. HP: 41/48 MP: 4/6
  1931 | D:2      | Reached skill level 1 in Conjurations
  1931 | D:2      | Reached skill level 1 in Hexes
  1931 | D:2      | Reached skill level 1 in Summonings
  1931 | D:2      | Reached skill level 1 in Necromancy
  1931 | D:2      | Reached skill level 1 in Translocations
  1931 | D:2      | Reached skill level 1 in Transmutations
  1931 | D:2      | Reached skill level 1 in Fire Magic
  1931 | D:2      | Reached skill level 1 in Ice Magic
  1931 | D:2      | Reached skill level 1 in Air Magic
  1931 | D:2      | Reached skill level 1 in Earth Magic
  1931 | D:2      | Reached skill level 1 in Poison Magic
  2231 | D:2      | Reached XP level 5. HP: 48/54 MP: 7/7
  2744 | D:3      | Slain by an adder

Illustrated notes

Levels and vault maps discovered:
D:1:      dpeg_arrival_signposts, layout_basic, serial_shops, shop_fountains,
          chequers_ecumenical_altar_simple, minmay_misc_feat_square,
          nicolae_figureground_sparkle
D:2:      layout_basic, uniq_jessica
D:3:      layout_rooms, chequers_arboretum

Skill      XL: |  1  2  3  4 |
---------------+-------------+-----
Fighting       | | 10.5
Short Blades   | 1 |  1.4
Long Blades    | 1 |  1.4
Axes           | 1 |  1.4
Maces & Flails | 1 |  1.4
Polearms       | 1 |  1.4
Staves         | 1 |  1.4
Slings         | 1 |  1.4
Bows           | 1 |  1.4
Crossbows      | 1 |  1.4
Throwing       | 1 |  1.4
Armour         | 1 |  1.4
Dodging        | 1 |  1.4
Stealth        | 1 |  1.4
Spellcasting   | 1 |  1.4
Evocations     | 1 |  1.4
Conjurations   | 1 |  1.1
Hexes          | 1 |  1.1
Summonings     | 1 |  1.1
Necromancy     | 1 |  1.1
Translocations | 1 |  1.1
Transmutations | 1 |  1.1
Fire Magic     | 1 |  1.1
Ice Magic      | 1 |  1.1
Air Magic      | 1 |  1.1
Earth Magic    | 1 |  1.1
Poison Magic   | 1 |  1.1
Invocations    | 3 |  3.0
Shields        | |  2.9
Unarmed Combat | |  6.6

Action                   |  1- 3 |  4- 6 || total
-------------------------+-------+-------++-------
Melee: Dagger            |   131 |   100 ||   231
       Bite              |    15 |    13 ||    28
Invok: Curse Item        |       |     1 ||     1
  Use: Scroll            |     3 |       ||     3
 Stab: Sleeping          |     2 |     2 ||     4
Armor: Leather armour    |    45 |    27 ||    72
Dodge: Dodged            |    76 |    35 ||   111
Block: Buckler           |    29 |    23 ||    52
